 Dungeon Crawl Stone Soup version 0.28-a0-1638-g9123634e07 (webtiles) character file.

Game seed: 1789680352390803378

51 Shayle the Chopper (level 3, -1/36 HPs)
             Began as an Ogre Warper on Jan 26, 2022.
             Slain by Jessica (4 damage)
             ... on level 3 of the Dungeon.
             The game lasted 00:05:09 (2550 turns).

Shayle the Chopper (Ogre Warper)                    Turns: 2550, Time: 00:05:10

Health: -1/36      AC:  3    Str: 15    XL:     3   Next: 81%
Magic:  6/6        EV:  9    Int: 16    God:
Gold:   80         SH:  0    Dex:  8    Spells: 6/6 levels left

rFire   . . .      SeeInvis .   a - +0 hand axe
rCold   . . .      Faith    .   (no shield)
rNeg    . . .      Spirit   .   b - +0 robe
rPois   .          Reflect  .   (helmet restricted)
rElec   .          Harm     .   (no cloak)
rCorr   +          Rampage  .   (gloves unavailable)
Will    .....                   (boots unavailable)
Stlth   +.........              (no amulet)
HPRegen 0.12/turn               j - ring of resist corrosion
MPRegen 0.10/turn               (no ring)

@: mighty
A: large, unfitting armour, tough skin 1
a: no special abilities


You were on level 3 of the Dungeon.
You visited 1 branch of the dungeon, and saw 3 of its levels.

You collected 80 gold pieces.

Inventory:

Hand Weapons
 a - a +0 hand axe (weapon)
Missiles
 d - 3 boomerangs of dispersal (quivered)
Armour
 b - a +0 robe (worn)
Jewellery
 j - a ring of resist corrosion (left hand)
Scrolls
 c - 4 scrolls of blinking
 h - 2 scrolls of immolation {unknown}
 k - 2 scrolls of identify {unknown}
 m - a scroll of fog {unknown}
 n - a scroll of magic mapping {unknown}
Potions
 e - a potion of lignification {unknown}
 f - 2 potions of might
 g - a potion of invisibility {unknown}
 i - 3 potions of haste {unknown}
 l - a potion of curing {unknown}
 o - a potion of attraction {unknown}


   Skills:
 - Level 2.6 Fighting
 + Level 4.0 Axes
 - Level 1.0 Throwing
 - Level 2.1 Dodging
 - Level 2.4 Spellcasting
 - Level 2.6 Translocations


You had 6 spell levels left.
You didn't know any spells.
Your spell library contained the following spells:

 Spells                   Type           Power      Damage    Failure   Level
 Blink                    Tloc           20%        N/A       10%         2
 Gell's Gravitas          Tloc           10%        N/A       21%         3
 Lesser Beckoning         Tloc           10%        N/A       21%         3
 Teleport Other           Tloc           10%        N/A       21%         3
 Manifold Assault         Tloc           10%        N/A       88%         5


Dungeon Overview and Level Annotations

Branches:
Dungeon (3/15)

Altars:

Shops:
D:2 :

Annotations:
D:3 Jessica


Innate Abilities, Weirdness & Mutations

You are too large for most types of armour.
You have tough skin. (AC +1)


Message History

Unknown command.
You barely miss Jessica.
Jessica hits you with a +1 dagger of holy wrath.
Unknown command.
You hit Jessica.
Jessica is moderately wounded.
Jessica points at you and mumbles some strange words.
Pain shoots through your body!
Unknown command.
You closely miss Jessica.
Jessica is moderately wounded.
Jessica completely misses you.
Unknown command.
You completely miss Jessica.
Jessica is moderately wounded.
Jessica hits you with a +1 dagger of holy wrath.
* * * LOW HITPOINT WARNING * * *
Unknown command.
Throw: 5 boomerangs (disperse)
Press: ? - help, Q - select action Shift-Dir - straight line, f - Jessica
Aim: Jessica, wielding a +1 dagger of holy wrath and wearing a +0 robe (moderately wounded, 54% to hit)
You throw a boomerang of dispersal.
The boomerang of dispersal barely misses Jessica.
Jessica mumbles some strange words.
Jessica seems to speed up.
Jessica hits you with a +1 dagger of holy wrath!
* * * LOW HITPOINT WARNING * * *
Throw: 4 boomerangs (disperse)
Press: ? - help, Q - select action Shift-Dir - straight line, f/p - Jessica
Aim: Jessica, wielding a +1 dagger of holy wrath and wearing a +0 robe (moderately wounded, fast, 54% to hit)
You throw a boomerang of dispersal.
The boomerang of dispersal barely misses Jessica.
Jessica closely misses you. Jessica barely misses you.
It was a potion of might.
You feel very mighty all of a sudden. Jessica closely misses you.
You hit Jessica.
Jessica is heavily wounded.
Jessica hits you with a +1 dagger of holy wrath.
You die...

##
#..##############
#..............<#
#......##########
#..............
#######.########
###.....##(<....
#...............
#......†@@......
#...............
#.?.............
###+######.....?
...... #+####


You could see Jessica (fast).

Vanquished Creatures
  A worm (D:2)
  A dart slug (D:1)
  3 orcs (D:2)
  6 bats
  3 endoplasms
  2 giant cockroaches
  4 goblins
  6 hobgoblins
  3 kobolds (D:1)
  3 quokkas
  3 ball pythons
  4 frilled lizards
39 creatures vanquished.

Notes
Turn   | Place    | Note
-------+----------+-------------------------------------------
     0 | D:1      | Shayle the Ogre Warper began the quest for the Orb.
     0 | D:1      | Reached XP level 1. HP: 22/22 MP: 3/3
   385 | D:1      | Reached XP level 2. HP: 26/29 MP: 5/5
   624 | D:1      | Reached skill level 3 in Axes
   986 | D:1      | Found a faded altar of an unknown god.
  1107 | D:1      | Reached XP level 3. HP: 36/36 MP: 6/6
  1712 | D:2      | Found Noejyr's Book Emporium.
  2280 | D:2      | Reached skill level 4 in Axes
  2535 | D:3      | Noticed Jessica
  2550 | D:3      | Slain by Jessica

Illustrated notes

Levels and vault maps discovered:
D:1:      dpeg_arrival_oval, layout_basic,
          hellmonk_ecumenical_altar_heavens_door
D:2:      layout_loops_ring, serial_shops, shop, minmay_misc_feat_square
D:3:      layout_basic, nicolae_overflow_hidden_temple, uniq_jessica

Skill      XL: |  1  2  3 |
---------------+----------+-----
Axes           | 3 4 |  4.0
Fighting       | |  2.6
Throwing       | |  1.0
Dodging        | |  2.1
Spellcasting   | |  2.4
Translocations | |  2.6

Action                   || total
-------------------------++-------
Melee: Hand axe          ||   155
       Punch             ||     2
Throw: Boomerang         ||     2
  Use: Potion            ||     1
Armor: Robe              ||    53
Dodge: Dodged            ||    68

Table legend: (Time is in decaauts)
 A = Elapsed time spent in this place.
 B = Non-inter-level travel time spent in this place.
 C = Inter-level travel time spent in this place.
 D = Time resting spent in this place.
 E = Time spent auto-exploring this place.
 F = Levels seen in this place.
 G = Mean time per level.
                   A        B        C        D        E       F      G
               +--------+--------+--------+--------+--------+-----+--------+
         Total |   2571 |   2535 |     36 |    277 |   1749 |   3 |  857.0 |
       Dungeon |   2571 |   2535 |     36 |    277 |   1749 |   3 |  857.0 |
               +--------+--------+--------+--------+--------+-----+--------+

Top non-repeatable levels by time:
     D:1: 1539 daAuts
     D:2: 1002 daAuts
     D:3: 29 daAuts
